 Dungeon Crawl Stone Soup version 0.28.0 (webtiles) character file.

Game seed: 12380382779784977360

5950 Arex the Ruffian (level 10, -1/100 HPs)
             Began as a Troll Fighter on Feb 8, 2022.
             Slain by an Executioner (6 damage)
             ... on level 3 of the Abyss.
             The game lasted 00:15:10 (7750 turns).

Arex the Ruffian (Troll Fighter)                    Turns: 7750, Time: 00:15:13

Health: -1/100     AC:  4    Str: 30    XL:     10   Next: 54%
Magic:  9/9        EV: 10    Int:  4    God:
Gold:   175        SH: 13    Dex:  9    Spells: 9/9 levels left

rFire   . . .      SeeInvis .     - Unarmed
rCold   + . .      Faith    .   b - +0 kite shield
rNeg    . . .      Spirit   .   a - +0 robe
rPois   .          Reflect  +   (helmet restricted)
rElec   .          Harm     .   (no cloak)
rCorr   .          Rampage  .   (gloves unavailable)
Will    .....                   (boots unavailable)
Stlth   +.........              v - amulet of reflection
HPRegen 1.06/turn               y - ring of protection from cold
MPRegen 0.11/turn               (no ring)

@: no status effects
A: large, unfitting armour, claws 3, regeneration 1, shaggy fur 1, tough skin 1
a: no special abilities


You were on level 3 of the Abyss.
You visited 2 branches of the dungeon, and saw 10 of its levels.
You visited the Abyss 1 time.

You collected 331 gold pieces.
You spent 156 gold pieces at shops.

Inventory:

Hand Weapons
 p - the +10 mace of Instant Death {spect, rC+}
   (You found it on level 2 of the Dungeon)

   When its wielder attacks, the weapon's spirit leaps out and strikes again.
   The spirit shares a part of any damage it takes with its wielder.
   rC:        It protects you from cold.
Missiles
 d - 2 javelins
 r - 2 boomerangs (quivered)
Armour
 a - a +0 robe (worn)
 b - a +0 kite shield (worn)
Jewellery
 v - an amulet of reflection (around neck)
 y - a ring of protection from cold (left claw)
Wands
 s - a wand of paralysis (5)
 w - a wand of polymorph (9)
Scrolls
 f - 2 scrolls of fog {unknown}
 k - a scroll of fear
 l - a scroll of magic mapping
 u - a scroll of amnesia
 x - a scroll of noise
Potions
 c - 4 potions of might
 e - a potion of magic {unknown}
 g - 3 potions of curing
 h - 2 potions of flight
 j - 4 potions of heal wounds
 m - a potion of attraction {unknown}
 n - 2 potions of brilliance
 o - 2 potions of haste
 q - 2 potions of lignification
 t - 2 potions of degeneration
 z - a potion of invisibility {unknown}


   Skills:
 + Level 6.6 Fighting
 + Level 5.7 Throwing
 + Level 6.6 Dodging
 + Level 6.5 Shields
 + Level 7.6 Unarmed Combat


You had 9 spell levels left.
You didn't know any spells.
Your spell library contained the following spells:

 Spells                   Type           Power      Damage    Failure   Level
 Pain                     Necr           0%         1d4       77%         1
 Summon Small Mammal      Summ           0%         N/A       77%         1
 Corpse Rot               Necr/Air       0%         N/A       88%         2
 Poisonous Vapours        Pois/Air       0%         N/A       88%         2
 Call Canine Familiar     Summ           0%         N/A       98%         3
 Summon Guardian Golem    Hex/Summ       0%         N/A       98%         3
 Agony                    Necr           0%         N/A       100%        5
 Excruciating Wounds      Necr           0%         N/A       100%        5


Dungeon Overview and Level Annotations

Branches:
Dungeon (9/15)             Temple (1/1) D:4
   Lair: D:8-11         Orc: D:9-12

Altars:
Ashenzari
Cheibriados
Dithmenos
Elyvilon
Fedhas
Gozag
Hepliaklqana
Kikubaaqudgha
Makhleb
Nemelex Xobeh
Okawaru
Qazlal
Ru
Sif Muna
Trog
Uskayaw
Vehumet
Wu Jian
Xom
Yredelemnul
Zin
The Shining One

Shops:
D:3 !   D:4 ?(   D:6 [   D:9 :

Annotations:
D:9 Erolcha


Innate Abilities, Weirdness & Mutations

You are too large for most types of armour.
You have claws for hands.
Your natural rate of healing is unusually fast.
You are covered in fur. (AC +1)
You have tough skin. (AC +1)


Message History

An Executioner comes into view.
The Executioner gives a hideous shriek!
You block the Executioner's attack. The Executioner closely misses you.
You block the Executioner's attack.
You scratch the Executioner.
The Executioner is lightly wounded.
The Executioner gestures.
The Executioner seems to speed up.
The Executioner hits you! x2
You block the Executioner's attack.
You claw the Executioner!
The Executioner is lightly wounded.
The Executioner hits you!! You block the Executioner's attack.
The Executioner hits you. You block the Executioner's attack.
The Executioner hits you. The Executioner closely misses you.
The Executioner hits you! x2; The Executioner hits you.
You closely miss the Executioner.
The Executioner is lightly wounded.
The Executioner hits you!
* * * LOW HITPOINT WARNING * * *
The Executioner hits you.
* * * LOW HITPOINT WARNING * * *
The Executioner hits you!
* * * LOW HITPOINT WARNING * * *
You block the Executioner's attack. x2; The Executioner hits you.
* * * LOW HITPOINT WARNING * * *
You block the Executioner's attack. The Executioner hits you.
* * * LOW HITPOINT WARNING * * *
You block the Executioner's attack.
Unknown command.
Invalid key 'BACK' in bindkey directive '[BACK] CMD_EXPLORE' Welcome back, Arex the Troll Fighter.
Press ? for a list of commands and other information.
You feel much better.
The Executioner hits you but does no damage.
The Executioner hits you.
* * * LOW HITPOINT WARNING * * *
The Executioner completely misses you. The Executioner hits you!
* * * LOW HITPOINT WARNING * * *
You block the Executioner's attack. The Executioner hits you.
You die...

. . # # .
# . ##.
... # .#
### # ##
.
.###..#.#
# . ...
.##....#
# . . ..
.#... #
.# ## ...
. . ##1#
# # .
#@## ≈ .
# #.# #
### . #


You could see an Executioner (fast).

Vanquished Creatures
  A two-headed ogre (D:8)
  An unseen horror (D:9)
  2 wyverns
  A shadow (D:6)
  6 yaks
  A vampire (D:6)
  Sigmund (D:3)
  A steam dragon (D:6)
  3 vampire mosquitoes (D:7)
  A water moccasin (D:7)
  2 orc warriors
  2 sky beasts
  2 ice beasts (D:7)
  A black bear (D:3)
  2 ogres
  A necrophage (D:5)
  4 centaurs
  A kobold brigand (D:8)
  3 bullfrogs
  3 scorpions
  A wyvern skeleton (D:6)
  12 killer bees
  2 hounds (D:4)
  A gnoll shaman (D:7)
  An orc priest (D:3)
  2 centaur skeletons (D:6)
  3 iguanas
  An orc wizard (D:4)
  A killer bee zombie (D:8)
  A hound skeleton (D:4)
  9 gnolls
  5 adders
  A shadow imp (D:6)
  5 white imps
  An ufetubus (Abyss:3)
  2 worms
  5 dart slugs
  21 orcs
  5 ball pythons
  6 endoplasms
  6 giant cockroaches
  10 goblins
  6 hobgoblins
  4 jackals (D:3)
  6 quokkas
  6 bats
  A frilled lizard (D:1)
  11 kobolds
  4 rats
178 creatures vanquished.

Vanquished Creatures (others)
  4 fungi (D:3)
  4 starspawn tentacles (Abyss:3)
8 creatures vanquished.

Grand Total: 186 creatures vanquished

Notes
Turn   | Place    | Note
-------+----------+-------------------------------------------
     0 | D:1      | Arex the Troll Fighter began the quest for the Orb.
     0 | D:1      | Reached XP level 1. HP: 22/22 MP: 0/0
     2 | D:1      | Noticed a spriggan
     2 | D:1      | Noticed an ogre
     4 | D:1      | Noticed an octopode
     6 | D:1      | Noticed a human
     8 | D:1      | Noticed a vampire
     8 | D:1      | Noticed an elf
    10 | D:1      | Noticed a felid
    12 | D:1      | Noticed a formicid
    12 | D:1      | Noticed a draconian
    14 | D:1      | Noticed a troll
    16 | D:1      | Noticed a tengu
    16 | D:1      | Noticed a minotaur
    18 | D:1      | Noticed a naga
    18 | D:1      | Noticed a demigod
    20 | D:1      | Noticed a demonspawn
    20 | D:1      | Noticed a gargoyle
    22 | D:1      | Noticed a merfolk
    24 | D:1      | Noticed a dwarf
    24 | D:1      | Noticed a ghoul
    26 | D:1      | Noticed a vine stalker
   155 | D:1      | Reached XP level 2. HP: 25/29 MP: 1/1
   167 | D:1      | Found a faded altar of an unknown god.
   846 | D:2      | Reached XP level 3. HP: 34/36 MP: 2/2
  1294 | D:2      | Reached XP level 4. HP: 45/45 MP: 3/3
  1517 | D:2      | Identified the +10 mace of Instant Death {spect, rC+}
  1641 | D:3      | Reached skill level 3 in Unarmed Combat
  1707 | D:3      | Noticed Sigmund
  1751 | D:3      | Reached XP level 5. HP: 31/53 MP: 4/4
  1773 | D:3      | Killed Sigmund
  1774 | D:3      | Reached XP level 6. HP: 61/61 MP: 5/5
  1778 | D:3      | Found a hazy altar of Hepliaklqana.
  2050 | D:3      | Found Hoysaad's Distillery.
  2055 | D:3      | Bought a potion of heal wounds for 50 gold pieces
  2055 | D:3      | Bought a potion of might for 40 gold pieces
  2318 | D:4      | Reached skill level 4 in Unarmed Combat
  2324 | D:4      | Found a staircase to the Ecumenical Temple.
  2337 | Temple   | Entered the Ecumenical Temple
  2670 | D:4      | Found Esycac's Antique Weapon Shop.
  2692 | D:4      | Reached XP level 7. HP: 50/68 MP: 6/6
  2831 | D:4      | Reached skill level 1 in Throwing
  2944 | D:4      | Found Noqiom's Magic Scroll Boutique.
  2947 | D:4      | Bought a scroll of identify for 26 gold pieces
  3331 | D:5      | Entered Level 5 of the Dungeon
  3396 | D:5      | Noticed a yak
  3396 | D:5      | Noticed a yak
  3397 | D:5      | Noticed a yak
  3397 | D:5      | Noticed a yak
  3397 | D:5      | Noticed a yak
  3411 | D:5      | Noticed a yak
  3432 | D:4      | Killed a yak
  3443 | D:4      | Killed a yak
  3444 | D:4      | Reached XP level 8. HP: 34/79 MP: 7/7
  3528 | D:4      | Reached skill level 5 in Unarmed Combat
  3886 | D:5      | Reached skill level 5 in Fighting
  3886 | D:5      | Reached skill level 5 in Dodging
  3968 | D:5      | Reached skill level 5 in Shields
  4707 | D:3      | Bought a potion of might for 40 gold pieces
  4783 | D:6      | Reached XP level 9. HP: 83/88 MP: 8/8
  4812 | D:6      | Found Juext's Antique Armour Shop.
  4829 | D:6      | Reached skill level 6 in Unarmed Combat
  6032 | D:7      | Reached skill level 5 in Throwing
  6038 | D:7      | Reached XP level 10. HP: 75/98 MP: 9/9
  6050 | D:7      | Reached skill level 7 in Unarmed Combat
  7066 | D:8      | Noticed a two-headed ogre
  7087 | D:8      | Killed a two-headed ogre
  7314 | D:9      | Found Saop's Book Boutique.
  7466 | D:9      | Noticed Erolcha
  7471 | D:9      | Cast into level 2 of the Abyss (Erolcha)
  7476 | Abyss:2  | Noticed an apocalypse crab
  7500 | Abyss:2  | Noticed a thrashing horror
  7564 | Abyss:3  | Noticed a tentacled starspawn
  7745 | Abyss:3  | Noticed an Executioner
  7750 | Abyss:3  | HP: 5/100 [Executioner (14)]
  7750 | Abyss:3  | Slain by an Executioner

Illustrated notes

Levels and vault maps discovered:
D:1:      kb_arrival_jail, layout_basic, hellmonk_ecumenical_altar_arch_garden
D:2:      layout_basic, minivault_27
D:3:      layout_loops_ring, mainiacjoe_overflow_chevrons, serial_shops,
          nicolae_shop_hallway_plus, uniq_sigmund
D:4:      layout_loops_ring, minmay_temple_entry_gardened_gates, serial_shops,
          kennysheep_mini_moat, nicolae_shop_behind_doors,
          minmay_tree_intersection
D:5:      layout_layer_cave
D:6:      minmay_general_purpose_star, layout_cave_pools, serial_shops,
          nicolae_shop_crystal
D:7:      corexii_shack_village, layout_loops_corners,
          corexii_item_surrounded_by_moat
D:8:      nzn_winding_woodlands_stair_cross
          [nzn_winding_woodlands_5x15_split_checker,
          nzn_winding_woodlands_center_garden, nzn_winding_woodlands_5x15_eye,
          nzn_winding_woodlands_5x5_three, nzn_winding_woodlands_5x5_default,
          nzn_winding_woodlands_5x15_garden, nzn_winding_woodlands_center_lodge,
          nzn_winding_woodlands_5x15_pool], layout_loops_cross,
          roderic_roman_lattice
D:9:      layout_layer_cave, serial_shops, shop_statue, nicolae_stop_n_shop_1,
          nicolae_shop_behind_doors, nicolae_shop_waterfront, uniq_maggie,
          uniq_maurice, uniq_pikel, uniq_erolcha
Temple:   compressed_dpeg_triangle_lava_temple
Abyss:3:  base: D:8, hangedman_abyss_or_decor_lesser_grid,
          serial_sigils_hangedman_quiver, base:
Temple

Skill      XL: |  1  2  3  4  5  6  7  8  9 10 |
---------------+-------------------------------+-----
Fighting       | 3 4 5 6 |  6.6
Dodging        | 3 4 5 6 |  6.6
Shields        | 3 4 5 6 |  6.5
Unarmed Combat | 3 4 5 6 7 |  7.6
Throwing       | 2 3 5 |  5.7

Action                   |  1- 3 |  4- 6 |  7- 9 | 10-12 || total
-------------------------+-------+-------+-------+-------++-------
Melee: Unarmed           |    91 |   118 |   292 |   118 ||   619
Throw: Boomerang         |       |       |    11 |       ||    11
Evoke: Wand              |       |       |       |     1 ||     1
  Use: Scroll            |       |     1 |     6 |     5 ||    12
       Potion            |       |       |     3 |     4 ||     7
 Stab: Paralysed         |       |       |       |     3 ||     3
Armor: Robe              |    26 |    25 |    37 |    21 ||   109
Dodge: Dodged            |    27 |    33 |    78 |    57 ||   195
Block: Kite shield       |    26 |    37 |   165 |   139 ||   367
       Reflection        |       |       |     1 |    12 ||    13
